 Dungeon Crawl Stone Soup version 0.31.0-11-ge490571c62 (webtiles) character file.

Game seed: 13412214825184453885

338 qw the Skirmisher (level 6, -3/35 HPs)
             Began as a Deep Elf Hunter on Feb 5, 2024.
             Frozen to death by an endoplasm (4 damage)
             ... on level 3 of the Dungeon.
             The game lasted 00:00:11 (2766 turns).

qw the Skirmisher (Deep Elf Hunter)                 Turns: 2766, Time: 00:00:11

Health: -3/35      AC:  5    Str: 10    XL:     6   Next: 29%
Magic:  8/8        EV: 11    Int: 14    God:
Gold:   131        SH:  0    Dex: 18    Spells: 5/5 levels left

rFire   . . .        a - +0 shortbow
rCold   . . .        (shield currently unavailable)
rNeg    . . .        j - +0 ring mail
rPois   .            (no helmet)
rElec   .            (no cloak)
rCorr   .            (no gloves)
SInv    .            (no boots)
Will    .....        (no amulet)
Stlth   +            (no ring)
HPRegen 0.25/turn    (no ring)
MPRegen 0.11/turn

%: no passive effects
@: about to teleport
A: no striking features
a: no special abilities


You were on level 3 of the Dungeon.
You visited 1 branch of the dungeon, and saw 4 of its levels.

You collected 131 gold pieces.


   Skills:
 - Level 2.0 Fighting
 + Level 9.8 Ranged Weapons
 - Level 2.4 Dodging
 - Level 1.2 Stealth


You had 5 spell levels left.
You didn't know any spells.
Your spell library was empty.

Inventory:

Hand Weapons
 a - a +0 shortbow (weapon)
Armour
 j - a +0 ring mail (worn)
Jewellery
 c - a ring of fire
Potions
 d - a potion of enlightenment
 e - a potion of ambrosia {unknown}
 f - a potion of might
 g - a potion of curing {unknown}
 k - a potion of brilliance {unknown}

Dungeon Overview and Level Annotations

Branches:
Dungeon (4/15)
 Temple: D:4-7

Altars:
Ashenzari
Cheibriados
Gozag
Ru
Trog

Shops:
D:2 :

Annotations:
D:3 Ijyb


Message History

You hear a bark! x2; You hear a shout!
There is a stone staircase leading up, spattered with blood here.
You shoot an arrow. The arrow barely misses the endoplasm.
The arrow hits Ijyb but does no damage.
The goblin hits you with a +0 dagger. The grasping roots constrict you.
The endoplasm freezes you.
You are frozen.
The grasping roots release their grip on you.
2760 ||| STAIRDANCE The endoplasm misses you.
The goblin closely misses you. The gnoll hits you but does no damage.
Ijyb hits you but does no damage.
You climb upwards.
There is a stone staircase leading down, spattered with blood here.
You shoot an arrow. The arrow barely misses Ijyb.
The goblin hits you but does no damage.
The endoplasm hits you but does no damage.
Ijyb zaps a wand.
The roots erupt in riotous growth!
The grasping roots grab you!
The goblin is unaffected.
The endoplasm is unaffected.
Ijyb is unaffected.
The grasping roots constrict you.
You shoot an arrow. The arrow hits Ijyb.
Ijyb is lightly wounded.
The goblin hits you but does no damage. The endoplasm hits you.
Ijyb hits you with a +0 club. The grasping roots constrict you.
The grasping roots release their grip on you.
2764 ||| READING scroll of teleportation.
As you read the scroll of teleportation, it crumbles to dust.
You feel strangely unstable. The goblin hits you but does no damage.
The endoplasm barely misses you. Ijyb hits you with a +0 club.
You shoot an arrow. The arrow hits Ijyb.
Ijyb is moderately wounded.
The goblin barely misses you.
The endoplasm hits you but does no damage.
Ijyb hits you with a +0 club.
You shoot an arrow. The arrow closely misses Ijyb.
The goblin hits you but does no damage. The endoplasm freezes you.
You are frozen.
You die...

#.#
#....%%......<..#
######## #.#
#.#########.###.#
#.# #.# #.# #.# ##
#.# #.# #.# #># #.
#.# #.# #.# #.# #.
#.# #.# #.# #.# #.
#.# #.# #.# #)#
###### #. #.# #.#
#J# #.# ##.~~~###.
#.####.#########@#
#[###.~~~~~##.
#...##.#.......gg#
#.....~~%~~_#.
###.##.#.#########
#####.~~~~~###
##.##........)..#
##.~~~##
#(..#.#[#######.##
######
#.#...#...)......#
##.#.#.#########..#
# ...#.......# #..#
# #######....# #..#
#############


You could see Ijyb, an endoplasm and a goblin.

Vanquished Creatures
  Sigmund (D:3)
  An orc wizard (D:3)
  2 gnolls
  A river rat (D:3)
  4 adders
  A dart slug (D:3)
  7 orcs (D:3)
  6 bats
  4 endoplasms
  6 giant cockroaches
  8 goblins
  6 hobgoblins
  6 jackals
  4 quokkas
  2 ball pythons
  4 frilled lizards
  8 kobolds
  6 rats
77 creatures vanquished.

Notes
Turn   | Place    | Note
-------+----------+-------------------------------------------
     0 | D:1      | qw the Deep Elf Hunter began the quest for the Orb.
     0 | D:1      | Reached XP level 1. HP: 12/12 MP: 3/3
     0 | D:1      | 0 ||| qw: Version: 0.3-a-160-g6735b56
     0 | D:1      | 0 ||| qw: Game counter: 6201
     0 | D:1      | 0 ||| qw: Melee chars always use a shield: true
     0 | D:1      | 0 ||| qw: God list: Okawaru
     0 | D:1      | 0 ||| qw: Allow faded altars: false
     0 | D:1      | 0 ||| qw: Do Orc after clearing Dungeon:15 true
     0 | D:1      | 0 ||| qw: Do second Lair branch before Depths: true
     0 | D:1      | 0 ||| qw: Lair rune preference: random
     0 | D:1      | 0 ||| qw: Goals: Normal
     0 | D:1      | 0 ||| PLANNING D:1-11
   194 | D:1      | Reached skill level 6 in Ranged Weapons
   194 | D:1      | Reached XP level 2. HP: 16/16 MP: 4/4
   276 | D:1      | HP: 4/16 [goblin/+0 club (3)]
   850 | D:1      | 850 ||| UPGRADING to +0 ring mail.
   860 | D:1      | 860 ||| DROPPING +0 leather armour.
   861 | D:1      | 861 ||| READING scroll labelled BONNYO NIMA.
   862 | D:1      | 862 ||| READING scroll labelled FUXUMU ACSIXON.
   863 | D:1      | 863 ||| READING scroll labelled IDUPLO XOHOO.
   866 | D:1      | 866 ||| READING scroll labelled KORY LAXAFUSH.
   866 | D:1      | 866 ||| IDENTIFYING fizzy dark potion
   867 | D:1      | 867 ||| DROPPING scroll of butterflies.
   950 | D:2      | Reached XP level 3. HP: 20/20 MP: 5/5
  1041 | D:2      | Reached skill level 7 in Ranged Weapons
  1253 | D:2      | Reached XP level 4. HP: 25/25 MP: 6/6
  1350 | D:2      | Found Lopos's Book Emporium.
  1482 | D:2      | 1482 ||| READING scroll of identify.
  1482 | D:2      | 1482 ||| IDENTIFYING sapphire potion
  1483 | D:2      | 1483 ||| READING 3 scrolls labelled ESKEOL SIUR.
  1584 | D:2      | 1584 ||| READING scroll labelled LEUXALE DEESH.
  1585 | D:2      | 1585 ||| DRINKING 2 silvery potions.
  1586 | D:2      | 1586 ||| DROPPING 2 scrolls of vulnerability.
  1587 | D:2      | 1587 ||| DROPPING potion of degeneration.
  1610 | D:3      | 1610 ||| PLANNING SEWER
  1747 | D:3      | Noticed Sigmund
  1756 | D:3      | HP: 4/25 [Sigmund/magic dart (8)]
  1757 | D:3      | 1757 ||| DRINKING potion of heal wounds.
  1760 | D:3      | Killed Sigmund
  1761 | D:3      | Reached skill level 9 in Ranged Weapons
  1761 | D:3      | Reached XP level 5. HP: 24/29 MP: 7/7
  1862 | D:3      | Reached XP level 6. HP: 34/35 MP: 8/8
  1909 | D:3      | Found an opulent altar of Gozag.
  1910 | D:3      | Found a broken altar of Ashenzari.
  1910 | D:3      | Found a bloodstained altar of Trog.
  1910 | D:3      | Found a sacrificial altar of Ru.
  2246 | D:3      | 2246 ||| RIP SEWER
  2301 | D:3      | 2301 ||| PLANNING D:1-11
  2504 | D:3      | Found a snail-covered altar of Cheibriados.
  2599 | D:3      | 2599 ||| READING scroll of identify.
  2599 | D:3      | 2599 ||| IDENTIFYING fuming blue potion
  2600 | D:3      | 2600 ||| READING scroll labelled LUOFFI TY PHAG.
  2619 | D:4      | Noticed Ijyb
  2623 | D:4      | 2623 ||| STAIRDANCE
  2713 | D:4      | 2713 ||| STAIRDANCE
  2760 | D:4      | 2760 ||| STAIRDANCE
  2763 | D:3      | HP: 6/35 [Ijyb/+0 club (4)]
  2764 | D:3      | 2764 ||| READING scroll of teleportation.
  2764 | D:3      | HP: 2/35 [Ijyb/+0 club (1)]
  2766 | D:3      | Frozen to death by an endoplasm

Levels and vault maps discovered:
D:1:      minmay_arrival_nine_rooms, layout_basic
D:2:      layout_basic, serial_shops, nicolae_shop_behind_doors,
          minmay_misc_feat_four_crosses
D:3:      layout_loops_ring, grunt_temple_overflow_open, kennysheep_slug_shrine,
          mainiacjoe_sewer_entry_somewhere_in_here_2, uniq_sigmund
D:4:      layout_gridville, temple_statues, uniq_natasha, uniq_ijyb

Skill      XL: |  1  2  3  4  5 |
---------------+----------------+-----
Ranged Weapons | 6 7 9 |  9.8
Fighting       | 2 |  2.0
Dodging        | |  2.4
Stealth        | |  1.2

Action                     |  1- 3 |  4- 6 || total
---------------------------+-------+-------++-------
   Fire: Shortbow          |    94 |   149 ||   243
    Use: Scroll            |     4 |     6 ||    10
         Potion            |       |     2 ||     2
 Armour: Leather armour    |     9 |       ||     9
         Ring mail         |    27 |    67 ||    94
  Dodge: Dodged            |    32 |    54 ||    86

Table legend:
 A = Non-vault XP
 B = Vault XP
 C = Vault XP percentage of total XP
 D = Non-vault monster count
 E = Vault monster count
 F = Vault count percentage of total count
                 A         B        C        D         E       F
            +---------+---------+-------+---------+---------+-------
      Total |     233 |     251 |  51.9 |      69 |       8 |  10.4
            +---------+---------+-------+---------+---------+-------
        D:1 |      35 |       0 |   0.0 |      19 |       0 |   0.0
        D:2 |      62 |       0 |   0.0 |      16 |       0 |   0.0
        D:3 |     121 |     251 |  67.5 |      33 |       8 |  19.5
        D:4 |      15 |       0 |   0.0 |       1 |       0 |   0.0
            +---------+---------+-------+---------+---------+-------
